 Dungeon Crawl Stone Soup version 0.22.1-1-ga44c0e56f4 (webtiles) character file.

7272 wakedk the Cleaver (level 10, -6/93 (94) HPs)
             Began as a Minotaur Berserker on Oct 12, 2018.
             Was a High Priest of Trog.
             Mangled by Snorg (7 damage)
             ... on level 11 of the Dungeon on Oct 16, 2018.
             The game lasted 01:00:58 (5983 turns).

wakedk the Cleaver (Minotaur Berserker)             Turns: 5983, Time: 01:00:59

HP:   -6/93 (94)    AC: 19    Str: 26    XL:     10   Next: 89%
MP:   10/10         EV:  8    Int:  4    God:    Trog [*****.]
Gold: 359           SH:  0    Dex:  9    Spells: 9/9 levels left

rFire    . . .     SeeInvis .   o - +4 battleaxe
rCold    . . .     Gourm    .   (shield currently unavailable)
rNeg     . . .     Faith    .   f - +0 plate armour
rPois    .         Spirit   .   (helmet restricted)
rElec    .         Reflect  .   i - +0 cloak
rCorr    .         Harm     .   r - +2 pair of gloves
MR       .....     Rnd*Tele +   (no boots)
Stlth    ..........             (no amulet)
HPRegen  0.25/turn              j - ring of teleportation
MPRegen  0.12/turn              (no ring)

@: no status effects
A: retaliatory headbutt, horns 2
a: Berserk, Trog's Hand, Brothers in Arms, Renounce Religion


You were on level 11 of the Dungeon.
You worshipped Trog.
Trog was extremely pleased with you.
You were not hungry.

You visited 1 branch of the dungeon, and saw 11 of its levels.

You collected 514 gold pieces.
You spent 155 gold pieces at shops.

Inventory:

Hand Weapons
 a - a +1 hand axe
 h - a +1 hand axe of venom
 o - a +4 battleaxe (weapon)
 q - a +2 war axe
 x - the +5 broad axe of Agnosticism {speed, rN++ MR+++ Str-2}
   (Trog gifted it to you on level 11 of the Dungeon)

   Attacks with this weapon are significantly faster.
   It affects your strength (-2).
   It greatly protects you from negative energy.
   It affects your resistance to hostile enchantments.
Armour
 b - a +0 animal skin
 f - a +0 plate armour (worn)
 i - a +0 cloak (worn)
 r - a +2 pair of gloves (worn)
Jewellery
 j - a ring of teleportation (left hand)
 m - an uncursed ring of magical power
Wands
 d - a wand of digging (15)
 n - a wand of disintegration (7)
 w - a wand of flame (18)
Scrolls
 e - a scroll of silence
 p - a scroll of magic mapping
 t - 2 scrolls of remove curse
 y - a scroll of teleportation
Potions
 g - a potion of cancellation
 k - 2 potions of curing
 l - a potion of brilliance
 s - a potion of lignification {unknown}
 u - a potion of ambrosia
 v - 2 potions of haste
 z - a potion of berserk rage
Comestibles
 c - 4 rations


   Skills:
 + Level 10.3 Fighting
 + Level 13.9 Axes
 + Level 10.0 Armour
 + Level 3.1 Dodging
 + Level 0.2 Stealth
 + Level 1.8 Evocations


You had 9 spell levels left.
You didn't know any spells.
Your spell library contained the following spells:

 Spells                   Type           Power        Failure   Level  Hunger
 Corona                   Hex            #......      99%         1    ##.....
 Flame Tongue             Conj/Fire      #....        99%         1    ##.....
 Summon Small Mammal      Summ           #...         99%         1    ##.....
 Call Imp                 Summ           #.......     100%        2    ###....
 Ensorcelled Hibernation  Hex/Ice        #.....       100%        2    ###....
 Throw Flame              Conj/Fire      #.....       100%        2    ###....
 Call Canine Familiar     Summ           #.......     100%        3    ####...
 Confuse                  Hex            #.......     100%        3    ####...
 Conjure Flame            Conj/Fire      #.......     100%        3    ####...
 Dazzling Spray           Conj/Hex       #.....       100%        3    ####...
 Inner Flame              Hex/Fire       #.......     100%        3    ####...
 Summon Guardian Golem    Hex/Summ       #.......     100%        3    ####...
 Tukima's Dance           Hex            #.......     100%        3    ####...
 Sticky Flame             Conj/Fire      #.......     100%        4    #####..
 Summon Ice Beast         Ice/Summ       #.......     100%        4    #####..
 Summon Lightning Spire   Summ/Air       #.......     100%        4    #####..
 Fireball                 Conj/Fire      #.........   100%        5    ######.


Dungeon Overview and Level Annotations

Branches:
Dungeon (11/15)            Temple (0/1) D:5            Lair (0/6) D:9
    Orc: D:9-12

Altars:
Ashenzari
Cheibriados
Fedhas
Qazlal
Trog
Vehumet

Shops:
D:8 *   D:11 !=

Portals:
Ossuary: D:6

Annotations:
D:11 Snorg


Innate Abilities, Weirdness & Mutations

You reflexively headbutt those who attack you in melee.
You have a pair of horns on your head.


Message History

Snorg bites you! Snorg claws you but does no damage. Snorg claws you.
You hit Snorg.
Snorg is lightly wounded.
Snorg bites you but does no damage. Snorg completely misses you.
Snorg claws you. Snorg bites you!! Snorg claws you but does no damage.
Snorg barely misses you.
You closely miss Snorg. Your headbutt misses Snorg.
Snorg is lightly wounded.
Snorg bites you!!
* * * LOW HITPOINT WARNING * * *
Snorg barely misses you. Snorg claws you but does no damage.
Snorg bites you but does no damage. Snorg claws you but does no damage. x2
Snorg bites you but does no damage. Snorg claws you but does no damage.
Snorg closely misses you. Snorg barely misses you. You furiously retaliate!
You headbutt Snorg. Snorg barely misses you.
Snorg claws you but does no damage. Snorg bites you!
* * * LOW HITPOINT WARNING * * *
Snorg claws you!
You die...

#.>...... #........
#........ #.Kr....K
#K).K.... #(# #.#
#.######################
#...K.T@<...............
#...r...................
#............)........##
#.....................#
#########.............#
#.............#
#.............#
...............#
#################


You could see Snorg (berserk), a big kobold and a quokka.

Vanquished Creatures
  A cyclops (D:10)
  A centaur zombie (D:10)
  Joseph (D:10)
  Prince Ribbit (D:5)
  2 trolls
  3 hippogriffs
  Sigmund (D:3)
  A wraith (D:11)
  A wyvern (D:11)
  5 yaks (D:10)
  A hungry ghost (D:11)
  An acid dragon (D:10)
  A water moccasin (D:10)
  2 ice beasts (D:10)
  2 phantoms
  A necrophage (D:5)
  2 orc warriors
  2 ogres
  4 centaurs
  2 big kobolds
  A bullfrog (D:6)
  2 scorpions
  5 killer bees (D:9)
  3 howler monkeys
  A jelly (D:11)
  9 wights
  5 crimson imps
  2 bullfrog zombies
  A quasit (D:5)
  8 hounds
  4 orc priests
  4 orc wizards
  A centaur skeleton (D:5)
  Jessica (D:2)
  A bullfrog skeleton (D:9)
  An iguana (D:10)
  Natasha (D:3)
  Ijyb (D:3)
  4 worker ants
  3 hound skeletons
  12 adders
  3 gnolls (D:6)
  A howler monkey skeleton (D:5)
  An adder zombie (D:7)
  2 oozes (D:3)
  5 adder skeletons
  4 worms
  8 leopard geckos
  13 orcs
  2 ball pythons
  5 giant cockroaches
  10 goblins
  5 hobgoblins
  18 jackals
  7 quokkas
  9 bats
  6 frilled lizards
  A goblin zombie (D:6)
  A jackal skeleton (D:4)
  19 kobolds
  A quokka skeleton (D:7)
  A quokka zombie (D:5)
  6 rats
  A rat zombie (D:6)
234 creatures vanquished.

Notes
Turn   | Place    | Note
-------+----------+-------------------------------------------
     0 | D:1      | wakedk the Minotaur Berserker began the quest for the Orb.
     0 | D:1      | Reached XP level 1. HP: 19/19 MP: 0/0
   148 | D:1      | Reached skill level 4 in Axes
   148 | D:1      | Reached XP level 2. HP: 27/27 MP: 1/1
   360 | D:1      | Reached XP level 3. HP: 33/33 MP: 2/2
   413 | D:1      | Reached ** piety under Trog
   630 | D:2      | Noticed Jessica
   634 | D:2      | Killed Jessica
   634 | D:2      | Reached XP level 4. HP: 37/41 MP: 3/3
   680 | D:2      | Reached skill level 5 in Axes
   873 | D:3      | Reached XP level 5. HP: 44/47 MP: 4/4
   922 | D:3      | Noticed Sigmund
   942 | D:3      | Killed Sigmund
   942 | D:3      | Reached skill level 5 in Fighting
   942 | D:3      | Reached skill level 6 in Axes
   942 | D:3      | Reached XP level 6. HP: 43/56 MP: 5/5
  1048 | D:3      | Found a bloodstained altar of Trog.
  1101 | D:3      | Reached *** piety under Trog
  1143 | D:3      | Noticed Ijyb
  1147 | D:3      | Noticed Natasha
  1147 | D:3      | Killed Ijyb
  1154 | D:3      | Killed Natasha
  1156 | D:3      | Reached skill level 7 in Axes
  1316 | D:4      | Found a snail-covered altar of Cheibriados.
  1842 | D:4      | Reached XP level 7. HP: 58/61 MP: 6/6
  2017 | D:5      | Entered Level 5 of the Dungeon
  2080 | D:5      | Reached **** piety under Trog
  2083 | D:5      | Reached skill level 8 in Axes
  2341 | D:5      | Found a staircase to the Ecumenical Temple.
  2362 | D:5      | Reached skill level 5 in Armour
  2415 | D:5      | Noticed Prince Ribbit
  2442 | D:5      | Killed Prince Ribbit
  2442 | D:5      | Reached skill level 9 in Axes
  2442 | D:5      | Reached XP level 8. HP: 47/70 MP: 7/7
  2578 | D:6      | Reached skill level 1 in Evocations
  2654 | D:6      | Found a sand-covered staircase.
  2765 | D:6      | Noticed a hippogriff
  2772 | D:6      | Killed a hippogriff
  2772 | D:6      | Reached skill level 10 in Axes
  2898 | D:7      | Found a shattered altar of Ashenzari.
  3349 | D:7      | Reached XP level 9. HP: 71/80 MP: 8/8
  3605 | D:8      | Found Xedialuweoh's General Store.
  3612 | D:8      | Bought a scroll of remove curse for 48 gold pieces
  3612 | D:8      | Bought a scroll of identify for 32 gold pieces
  3785 | D:9      | Found a staircase to the Lair.
  4175 | D:9      | Reached skill level 11 in Axes
  4188 | D:9      | Reached ***** piety under Trog
  4335 | D:9      | Found a stormy altar of Qazlal.
  4459 | D:9      | Noticed a troll
  4465 | D:9      | Killed a troll
  4494 | D:9      | Found a blossoming altar of Fedhas.
  4496 | D:9      | Found a radiant altar of Vehumet.
  4524 | D:10     | Entered Level 10 of the Dungeon
  4524 | D:10     | Noticed a troll
  4554 | D:10     | Reached XP level 10. HP: 24/90 MP: 10/10
  4601 | D:10     | Reached skill level 12 in Axes
  4999 | D:10     | Noticed Joseph
  5015 | D:10     | Killed Joseph
  5256 | D:10     | Noticed a cyclops
  5272 | D:10     | Reached skill level 10 in Fighting
  5274 | D:10     | Killed a cyclops
  5274 | D:10     | Reached skill level 13 in Axes
  5624 | D:11     | Found Neinn's Jewellery Shoppe.
  5644 | D:11     | Received a gift from Trog
  5652 | D:11     | Got a jewelled broad axe {god gift}
  5661 | D:11     | Found Pemen's Distillery.
  5689 | D:11     | Reached skill level 10 in Armour
  5935 | D:11     | Bought a potion of berserk rage for 75 gold pieces
  5966 | D:11     | Identified the +5 broad axe of Agnosticism {speed, rN++
                  | MR+++ Str-2} (Trog gifted it to you on level 11 of the
                  | Dungeon)
  5968 | D:11     | Noticed Snorg
  5983 | D:11     | HP: 1/93 [Snorg (12)]
  5983 | D:11     | Mangled by Snorg

Skill      XL: |  1  2  3  4  5  6  7  8  9 10 |
---------------+-------------------------------+-----
Axes           | 4 5 6 7 9 10 11 13 | 13.9
Fighting       | 4 5 6 8 9 10 | 10.3
Armour         | 3 5 6 9 10 | 10.0
Dodging        | 3 |  3.1
Evocations     | 1 |  1.8
Stealth        | |  0.2

Action                   |  1- 3 |  4- 6 |  7- 9 | 10-12 || total
-------------------------+-------+-------+-------+-------++-------
Melee: Hand axe          |    84 |   134 |   122 |       ||   340
       Headbutt          |    11 |    14 |    50 |    24 ||    99
       War axe           |       |       |   156 |       ||   156
       Battleaxe         |       |       |    34 |   114 ||   148
Evoke: Wand              |       |     3 |     4 |     5 ||    12
  Use: Scroll            |     4 |     5 |    11 |     2 ||    22
       Potion            |       |     5 |     3 |     1 ||     9
  Eat: Ration            |       |     1 |     3 |     2 ||     6
Armor: Animal skin       |     3 |       |       |       ||     3
       Plate armour      |    62 |    96 |   230 |    87 ||   475
Dodge: Dodged            |    39 |    41 |   162 |    68 ||   310
